 Dungeon Crawl Stone Soup version 0.31.0-32-g396128a36d (webtiles) character file.

Game seed: 14633357536815876359

31980 Peloso the Carver (level 13, -7/117 HPs)
             Began as a Minotaur Fighter on Mar 22, 2024.
             Was a High Priest of Okawaru.
             Mangled by an orc high priest
             ... wielding a +1 halberd of freezing
              (21 damage)
             ... on level 2 of the Orcish Mines.
             The game lasted 00:36:30 (21078 turns).

Peloso the Carver (Minotaur Fighter)               Turns: 21078, Time: 00:36:30

Health: -7/117     AC: 18    Str: 21    XL:     13   Next: 28%
Magic:  7/11       EV:  7    Int:  9    God:    Okawaru [*****.]
Gold:   1615       SH: 18    Dex: 15    Spells: 12/12 levels left

rFire   . . .        a - +1 scimitar (holy)
rCold   x . .        d - +0 tower shield
rNeg    . . .        e - +3 plate armour {rPois}
rPois   +            (helmet currently unavailable)
rElec   +            (cloak currently unavailable)
rCorr   .            c - melded +0 pair of gloves
SInv    .            (boots currently unavailable)
Will    .....        (no amulet) Stlth
                     m - ring of poison resistance
HPRegen 0.39/turn    h - ring of flight
MPRegen 0.12/turn

%: no passive effects
@: about to teleport, beast-form, flying, studying Staves
A: beast (slay +2), horns 2, retaliatory headbutt, low MP 1
a: Begin Untransformation, Renounce Religion, Evoke Blink, Heroism, Finesse,
Duel


You were on level 2 of the Orcish Mines.
You worshipped Okawaru.
Okawaru was extremely pleased with you.
You were a hulking beast.
You visited 4 branches of the dungeon, and saw 18 of its levels.
You also visited: Ossuary.

You collected 1727 gold pieces.
You spent 112 gold pieces at shops.

Inventory:

Hand Weapons
 a - a +1 scimitar of holy wrath (weapon)
 b - a +1 heavy long sword
 T - a +2 war axe of flaming
Missiles
 M - a throwing net (quivered)
Armour
 c - a +0 pair of gloves (melded)
 d - a +0 tower shield (worn)
 e - a +3 plate armour of poison resistance (worn)
 z - a +1 hat
 S - a +1 plate armour of willpower
Magical Staves
 Q - a staff of fire
Jewellery
 h - a ring of flight (right hand)
 m - a ring of poison resistance (left hand)
 s - a ring of protection from cold
 B - a ring of resist corrosion
 I - a ring of protection from fire
 K - a +6 ring of intelligence
 O - a ring of positive energy
Talismans
 t - a maw talisman
 u - the beast talisman "Urhorr" (active) {+Blink rElec rC- Int+4}
   (You found it on level 5 of the Dungeon)

   [beast talisman]

   Int+4:     It affects your intelligence (+4).
   rC-:       It makes you vulnerable to cold.
   rElec:     It insulates you from electricity.
   +Blink:    It lets you blink.
 w - a flux talisman
 H - a blade talisman
Wands
 q - a wand of paralysis (6)
 y - a wand of flame (28)
 F - a wand of polymorph (10)
 N - a wand of roots (5)
 P - a wand of mindburst (8)
Scrolls
 g - 2 scrolls of enchant armour
 i - 2 scrolls of amnesia
 k - 6 scrolls of teleportation
 l - 2 scrolls of poison
 n - a scroll of fog
 p - 2 scrolls of silence
 r - 2 scrolls of enchant weapon
 A - a scroll of blinking
 J - 7 scrolls of identify
 L - 2 scrolls of revelation
Potions
 f - 2 potions of might
 j - a potion of haste
 o - a potion of enlightenment
 v - 2 potions of resistance {unknown}
 x - 3 potions of brilliance
 C - 3 potions of ambrosia
 D - 5 potions of lignification
 E - a potion of curing
 G - a potion of magic
 R - a potion of mutation


   Skills:
 + Level 11.8 Fighting
 + Level 14.8 Long Blades
 + Level 12.9 Armour
 + Level 5.2 Dodging
 + Level 2.0 Stealth
 + Level 12.6 Shields
 + Level 1.3 Invocations
 + Level 5.1 Shapeshifting


You had 12 spell levels left.
You didn't know any spells.
Your spell library contained the following spells:

 Spells                   Type           Power      Damage    Failure   Level
 Apportation              Tloc           0%         N/A       100%        1
 Foxfire                  Conj/Fire      0%         2x1d4     100%        1
 Magic Dart               Conj           0%         1d3       100%        1
 Blink                    Tloc           0%         N/A       100%        2
 Ensorcelled Hibernation  Hex/Ice        0%         N/A       100%        2
 Jinxbite                 Hex            0%         N/A       100%        2
 Scorch                   Fire           0%         2d5       100%        2
 Fugue of the Fallen      Necr           0%         N/A       100%        3
 Anguish                  Hex/Necr       0%         N/A       100%        4
 Flame Wave               Conj/Fire      0%         2d4       100%        4
 Alistair's Intoxication  Alch           0%         N/A       100%        5
 Plasma Beam              Fire/Air       0%         2x1d10    100%        6
 Starburst                Conj/Fire      0%         6d3       100%        6
 Call Imp                 Summ           Unusable   N/A       N/A         2
 Summon Cactus Giant      Summ           Unusable   N/A       N/A         6

Dungeon Overview and Level Annotations

Branches:
Dungeon (12/15)            Temple (1/1) D:7            Lair (3/5) D:9
 Shoals (0/4) Lair:2          Orc (2/2) D:12            Elf (0/3) Orc:2
Ossuary (visited)
  Snake: Lair:2-3    Spider: Lair:2-3

Altars:
Ashenzari
Cheibriados
Dithmenos
Elyvilon
Fedhas
Gozag
Hepliaklqana
Kikubaaqudgha
Makhleb
Nemelex Xobeh
Okawaru
Qazlal
Ru
Sif Muna
Trog
Uskayaw
Vehumet
Wu Jian
Xom
Yredelemnul
Zin
The Shining One

Shops:
D:6 *   D:10 ?   Orc:1 (   Orc:2 !

Annotations:
D:3 2 transporters, sono's ghost, amateur GrFi
D:7 3 runed translucent doors, Engrim's ghost, novice DsFi
Lair:1 Casa


Innate Abilities, Weirdness & Mutations

You are a hulking beast.
Your limbs bulge with bestial killing power. (Slay +2)
You have a pair of horns on your head.
You reflexively headbutt those who attack you in melee.
Your magical capacity is low. (-10% MP)


Message History

You slash the orc sorcerer! Your headbutt misses the orc sorcerer.
The orc sorcerer is severely wounded.
You block something's attack. You block the orc knight's attack.
The orc high priest hits you from afar with a +1 halberd of freezing.
The orc high priest freezes you.
The orange demon stings you but does no damage. x2
Unknown command.
You slash the orc sorcerer!
You kill the orc sorcerer!
Okawaru accepts your kill.
The hellwing disappears in a puff of smoke!
The ice devil disappears in a puff of smoke!
The orc high priest hits you from afar with a +1 halberd of freezing.
* * * LOW HITPOINT WARNING * * *
The orc high priest freezes you.
* * * LOW HITPOINT WARNING * * *
The orc knight hits you with a +0 great mace.
* * * LOW HITPOINT WARNING * * *
Something hits you but does no damage.
Unknown command.
As you read the scroll of teleportation, it crumbles to dust.
You feel strangely unstable.
The orange demon stings you but does no damage.
The orange demon stings you from afar.
* * * LOW HITPOINT WARNING * * *
You are poisoned.
The orange demon poisons you! You block the chaos spawn's attack.
Something hits you but does no damage. You block the orc knight's attack.
The orc warrior hits you with a +0 hand axe!
* * * LOW HITPOINT WARNING * * *
You block the orc high priest's attack.
You feel better. You block the orange demon's attack.
The orange demon stings you but does no damage.
The chaos spawn bites you!
* * * LOW HITPOINT WARNING * * *
You feel your power leaking away. You block the orc's attack.
You block the orc knight's attack. You block the orc warrior's attack.
The orc high priest hits you from afar with a +1 halberd of freezing!!
You die...

.....................
.........$()[.[......
.....................
......).)........#...
...$.............# .
.......[.........#
..............oo4#
..............4o4#
...............oh#
...............{o#
..............)[.#
).............[ยง.#
)................#
...............[.#
............[..[[################
.........)[[....)........#.......
.........[)....##[#..........#...


You could see an orc knight, an orc high priest (strong), 2 orange demons, a
chaos spawn (summoned), an orc warrior (strong) and 2 orcs.

Vanquished Creatures
  An orc warlord (Orc:1)
  2 two-headed ogres
  3 orc high priests (Orc:2)
  An orc knight (Orc:1)
  3 orc sorcerers (Orc:2)
  3 cyclopes
  2 ugly things
  A merfolk siren (Lair:2)
  3 elephants (Lair:1)
  2 kobold blastminers (Orc:1)
  2 rust devils (D:12)
  Maggie (Lair:2)
  5 cane toads
  A rime drake (Lair:1)
  An ice devil (D:12)
  3 komodo dragons
  2 kobold demonologists
  5 trolls
  A hellwing (D:12)
  2 hornets (D:9)
  2 polar bears (Lair:2)
  5 slime creatures
  4 wraiths
  4 wyverns
  2 neqoxecs (D:12)
  25 yaks
  2 wargs
  A basilisk (D:12)
  2 vampire mosquitoes (D:12)
  2 acid dragons
  7 water moccasins
  A black bear (D:7)
  22 orc warriors
  2 sky beasts
  3 ogres
  5 wolves
  8 centaurs
  A weeping skull (Ossuary)
  8 kobold brigands
  6 bullfrogs
  3 gnoll sergeants
  3 scorpions
  5 water moccasin zombies (Ossuary)
  3 wights
  3 jellies
  7 killer bees (D:8)
  4 electric eels (D:9)
  3 howler monkeys (D:10)
  A bombardier beetle (D:4)
  10 hounds
  2 gnoll boudas
  28 orc priests
  2 sleepcaps
  A spectral scorpion (Ossuary)
  4 iguanas
  Natasha (thrice) (D:2)
  46 orc wizards
  2 bullfrog simulacra (Ossuary)
  2 mummies (Ossuary)
  Robin (D:4)
  18 gnolls
  6 adders
  A shadow imp (D:7)
  4 ufetubi (D:7)
  An adder zombie (Ossuary)
  3 dart slugs
  3 ribbon worms
  90 orcs
  7 endoplasms
  2 giant cockroaches (D:2)
  5 gnoll zombies (Ossuary)
  14 goblins
  6 hobgoblins
  4 jackals (D:2)
  A quokka (D:1)
  3 training dummies (Orc:1)
  4 ball pythons
  3 bats (D:2)
  2 frilled lizards
  6 jackal zombies (Ossuary)
  49 kobolds
  6 orc zombies (Ossuary)
  5 rats
  2 rat zombies (D:6)
534 creatures vanquished.

Vanquished Creatures (others)
  An orc wizard (D:7)
1 creature vanquished.

Grand Total: 535 creatures vanquished

Notes
Turn   | Place    | Note
-------+----------+-------------------------------------------
     0 | D:1      | Peloso the Minotaur Fighter began the quest for the Orb.
     0 | D:1      | Reached XP level 1. HP: 19/19 MP: 0/0
   305 | D:1      | Found a faded altar of an unknown god.
   377 | D:1      | Reached XP level 2. HP: 27/27 MP: 1/1
   708 | D:2      | Found a shadowy altar of Dithmenos.
   712 | D:2      | Noticed Natasha
   717 | D:2      | Killed Natasha
   718 | D:2      | Reached XP level 3. HP: 33/33 MP: 2/2
   751 | D:2      | Reached skill level 3 in Long Blades
   877 | D:2      | Noticed Natasha
   883 | D:2      | Killed Natasha
   884 | D:2      | Reached XP level 4. HP: 39/41 MP: 3/3
  1094 | D:2      | Noticed Natasha
  1104 | D:2      | Killed Natasha
  1802 | D:2      | Reached XP level 5. HP: 38/47 MP: 4/4
  1809 | D:2      | Reached skill level 5 in Armour
  1864 | D:2      | Reached skill level 4 in Long Blades
  2198 | D:3      | Reached XP level 6. HP: 50/53 MP: 5/5
  2287 | D:3      | Found a transporter.
  2292 | D:3      | Noticed sono's ghost (amateur GrFi)
  2459 | D:3      | Found a transporter.
  2514 | D:4      | Reached skill level 5 in Long Blades
  2514 | D:4      | Reached skill level 1 in Dodging
  2518 | D:4      | Reached skill level 5 in Fighting
  2706 | D:4      | Found a burning altar of Makhleb.
  2711 | D:4      | Found a glowing silver altar of Zin.
  2712 | D:4      | Noticed an angel
  2712 | D:4      | Noticed a balrug
  2786 | D:4      | Reached XP level 7. HP: 53/61 MP: 6/6
  2981 | D:4      | Noticed Robin
  3015 | D:4      | Killed Robin
  3114 | D:4      | Found a radiant altar of Vehumet.
  3864 | D:5      | Entered Level 5 of the Dungeon
  3889 | D:5      | Reached skill level 6 in Long Blades
  3892 | D:5      | Found a shimmering blue altar of Sif Muna.
  3955 | D:5      | Identified the beast talisman "Urhorr" {+Blink rElec rC-
                  | Int+4}
  3974 | D:5      | Reached skill level 5 in Shields
  4167 | D:5      | Reached XP level 8. HP: 48/70 MP: 7/7
  4169 | D:5      | Reached skill level 1 in Stealth
  4700 | D:5      | Reached skill level 7 in Long Blades
  5364 | D:6      | Found Xidedirch's General Store.
  5503 | D:6      | Found a sand-covered staircase.
  5511 | Ossuary  | Entered an ossuary
  5530 | Ossuary  | Reached skill level 1 in Shapeshifting
  5690 | Ossuary  | Reached skill level 8 in Long Blades
  6632 | D:7      | Found a hide-covered altar of Uskayaw.
  6659 | D:7      | Reached XP level 9. HP: 76/78 MP: 8/8
  6823 | D:7      | Found a snail-covered altar of Cheibriados.
  6965 | D:7      | Noticed Engrim's ghost (novice DsFi)
  6970 | D:7      | Found a runed translucent gate.
  6970 | D:7      | Found a runed translucent gate.
  6972 | D:7      | Found a runed translucent gate.
  7023 | D:7      | Found a staircase to the Ecumenical Temple.
  7032 | Temple   | Entered the Ecumenical Temple
  7054 | Temple   | Became a worshipper of Warmaster Okawaru
  7111 | D:7      | Reached skill level 9 in Long Blades
  7112 | D:7      | Noticed a two-headed ogre
  7126 | D:7      | Killed a two-headed ogre
  7126 | D:7      | Reached * piety under Okawaru
  7566 | D:7      | Reached skill level 10 in Long Blades
  8384 | D:8      | Found a hazy altar of Hepliaklqana.
  8384 | D:8      | Found an ornate altar of the Wu Jian Council.
  8390 | D:8      | Noticed a two-headed ogre
  8399 | D:8      | Killed a two-headed ogre
  8399 | D:8      | Reached ** piety under Okawaru
  8400 | D:8      | Reached XP level 10. HP: 75/88 MP: 6/9
  8446 | D:8      | Found a bloodstained altar of Trog.
  8460 | D:8      | Found a white marble altar of Elyvilon.
  8977 | D:8      | Noticed a cyclops
  8988 | D:8      | Killed a cyclops
  9066 | D:8      | Reached skill level 11 in Long Blades
  9145 | D:8      | Found a shadowy altar of Dithmenos.
  9154 | D:8      | Reached skill level 10 in Armour
  9156 | D:8      | Reached *** piety under Okawaru
 10330 | D:9      | Found a staircase to the Lair.
 10583 | D:9      | Reached **** piety under Okawaru
 10773 | D:9      | Reached XP level 11. HP: 97/97 MP: 10/10
 10822 | D:9      | Found a sparkling altar of Nemelex Xobeh.
 11197 | D:9      | Found an opulent altar of Gozag.
 11205 | D:9      | Reached skill level 12 in Long Blades
 11484 | D:10     | Entered Level 10 of the Dungeon
 11486 | D:10     | Found an ancient bone altar of Kikubaaqudgha.
 11560 | D:10     | Found a glowing golden altar of the Shining One.
 11788 | D:10     | Reached ***** piety under Okawaru
 12214 | D:10     | Found Gunt's Magic Scroll Shoppe.
 13083 | D:11     | Noticed a green ugly thing
 13118 | D:11     | Killed a green ugly thing
 13550 | Lair:1   | Entered Level 1 of the Lair of Beasts
 13561 | Lair:1   | Reached skill level 13 in Long Blades
 13596 | Lair:1   | Received a gift from Okawaru
 13707 | Lair:1   | Reached skill level 10 in Fighting
 14942 | Lair:2   | Reached XP level 12. HP: 106/106 MP: 11/11
 15160 | Lair:2   | Received a gift from Okawaru
 15220 | Lair:2   | Noticed Maggie
 15229 | Lair:2   | Killed Maggie
 15286 | Lair:2   | Reached skill level 14 in Long Blades
 15868 | Lair:2   | Found a staircase to the Shoals.
 16018 | Lair:3   | Noticed a seven-headed hydra
 16272 | D:12     | Found a staircase to the Orcish Mines.
 16290 | D:12     | Reached skill level 10 in Shields
 16480 | D:12     | Reached skill level 1 in Invocations
 16830 | D:12     | Gained mutation: Your magical capacity is low. (-10% MP) [a
                  | neqoxec]
 17005 | D:12     | Reached skill level 5 in Dodging
 17350 | D:12     | Received a gift from Okawaru
 17669 | D:12     | Identified the +8 spear of Midwinter {speed, ^Drain
                  | ^Fragile rC+ Str+7 Int+3}
 17844 | Orc:1    | Entered Level 1 of the Orcish Mines
 18002 | Orc:1    | Noticed an orc warlord
 18261 | Orc:1    | Killed an orc warlord
 19212 | Orc:1    | Found Wocuan's Firing Range.
 19488 | Orc:2    | Entered Level 2 of the Orcish Mines
 19502 | Orc:2    | Reached XP level 13. HP: 94/116 MP: 11/11
 19706 | Orc:2    | Found Tesitiq's Distillery.
 19715 | Orc:2    | Bought a potion of mutation for 112 gold pieces
 19754 | Orc:2    | Found a staircase to the Elven Halls.
 20155 | Orc:2    | Paralysed by an orc sorcerer for 2 turns
 20163 | Orc:2    | Reached skill level 5 in Shapeshifting
 20391 | Orc:2    | Received a gift from Okawaru
 21078 | Orc:2    | Mangled by an orc high priest

Illustrated notes

Levels and vault maps discovered:
D:1:      dpeg_arrival_shrine, layout_basic,
          shapermc_ecumenical_altar_mp_vishouse, minmay_distorted
D:2:      layout_basic, basic_altar, uniq_natasha
D:3:      layout_rooms, gammafunk_ghost_smash
D:4:      layout_loops_corners, grunt_temple_overflow_order_and_chaos_2,
          nicolae_vehumet_altar_sigil, minmay_manual_mares, uniq_robin
D:5:      kennysheep_kobold_camp, layout_rooms,
          mainiacjoe_overflow_cross_hatched
D:6:      layout_loops_cross, serial_shops, nicolae_take_the_stairs,
          enter_ossuary_4
D:7:      minmay_chambers_of_sixes, layout_basic,
          mainiacjoe_overflow_six_doors_small, cheibrodos_worm_habitat,
          minmay_temple_entry_mist, gammafunk_ghost_split, serial_curves,
          eino_curves_03, eino_curves_02, minmay_misc_feat_iff, chequers_garden
D:8:      minmay_opposing_rooms, layout_basic,
          nicolae_overflow_macrodata_refinement, mainiacjoe_overflow_24_doors,
          minmay_misc_feat_five
D:9:      layout_cave_pools, lemuel_tele_altar,
          nicolae_gozag_cash_rules_everything_around_me, erik_lair_island,
          kennysheep_opposing_triangles
D:10:     layout_loops_ring, lemuel_round_altar, tso_altar, serial_shops, shop
D:11:     layout_basic
D:12:     layout_small_grid, erik_orc_4, nicolae_neqoxec_dot_bat
Temple:   nicolae_temple_bog_church
Lair:1:   layout_big_grid, grunt_megastairs_4
Lair:2:   layout_chaotic_city, elwin_shoals_entry_rooms, uniq_maggie
Lair:3:   layout_loops_ring, spider_nest_entry_a, beast_lair_carwin_7,
          uniq_amaemon
Orc:1:    layout_diamond_mine, nicolae_shop_firing_range
Orc:2:    st_orc_congregation, layout_caves, special_room, serial_shops,
          nicolae_shop_industrial_runoff, nicolae_orc_crystal_geode

Skill      XL: |  1  2  3  4  5  6  7  8  9 10 11 12 13 |
---------------+----------------------------------------+-----
Fighting       | 4 5 6 7 9 10 11 | 11.8
Armour         | 4 5 6 7 8 9 10 11 12 | 12.9
Shields        | 4 5 6 7 9 11 12 | 12.6
Long Blades    | 3 4 5 6 8 10 11 13 14 | 14.8
Dodging        | 1 2 3 4 5 |  5.2
Stealth        | 1 2 |  2.0
Shapeshifting  | 1 2 3 4 5 |  5.1
Invocations    | 1 |  1.3

Action                     |  1- 3 |  4- 6 |  7- 9 | 10-12 | 13-15 || total
---------------------------+-------+-------+-------+-------+-------++-------
  Melee: Long sword        |    56 |   134 |   502 |   214 |       ||   906
         Headbutt          |    10 |    25 |   125 |   236 |    52 ||   448
         Scimitar          |       |       |       |   726 |   231 ||   957
 Invoke: Heroism           |       |       |     1 |    11 |     1 ||    13
  Evoke: Wand              |       |       |       |     2 |       ||     2
    Use: Potion            |     2 |       |     2 |     6 |     1 ||    11
         Scroll            |       |     6 |    15 |     4 |     1 ||    26
 Armour: Scale mail        |    56 |    83 |       |       |       ||   139
         Chain mail        |       |    88 |   377 |   543 |       ||  1008
         Plate armour      |       |       |       |    29 |   158 ||   187
  Dodge: Dodged            |    32 |    84 |   227 |   249 |    26 ||   618
  Block: Buckler           |     9 |    55 |   124 |   108 |       ||   296
         Tower shield      |       |       |       |   465 |   230 ||   695
   Form: Beast             |       |       |     1 |       |       ||     1
